Unix NetHack Version 3.7.0-51 Work-in-progress - last build Mar 7 2022 13:06:07 (ce1e6a145e5d3e7dd6f4b57ba37794bc207988de,branch:master). Game began 2022-03-13 11:02:28, ended 2022-03-13 11:47:31. elenmirie, neutral female gnomish Archeologist #------ ----------- --------- --------- ##.....| |.........| |.......| ##@q.........######|....| |.........| |.......| # |.......| ## |....| |.........| |.......| ## |.{.....| |.<...# |.........| |.......| # ----|---- ---.--# ..........| #........| -----------# # ## ######-|--------- #|.......| |%%!![*=.+|# ## # # ##### #------.-- |%)*[%(*..|# # # ####### # # # |!!+).?...-# # # ## # ## ### ----------- ## #### # # # ---|- -|--------- ---.-----# # # |...| |.........| |.......|# ## *# |...| |.......... |.......|# # -.------# |...| |.........| |.......-# # |.......# ----- ----------- --------- #####-.....>| -------- Elenmirie the Field Worker St:12 Dx:11 Co:12 In:17 Wi:17 Ch:9 Neutral Dlvl:5 $:0 HP:0(27) Pw:18(18) AC:8 Xp:4/116 T:1968 Burdened Latest messages: Coco staggers... Coco bites the yellow mold. Coco misses the yellow mold. Coco misses the yellow mold. Coco misses the yellow mold. Coco misses the yellow mold. Coco misses the yellow mold. Coco misses the yellow mold. Coco misses the yellow mold. You feel a bit steadier now. You kill the yellow mold! "For you, good lady; only 200 zorkmids for this jeweled wand." You have a little trouble lifting D - a jeweled wand (unpaid, 200 zorkmids). What do you want to call? [giknwyCD or ?*] D Call a jeweled wand: 152 jewel You drop a wand called 152 jewel (unpaid, 200 zorkmids). Coco picks up a wand called 152 jewel. You kill the gecko! What do you want to drop? [acdgiklnoqstwyzC or ?*] C You drop a scroll labeled HACKEM MUCHE. Upernavik offers 40 gold pieces for your scroll labeled HACKEM MUCHE. Sell it? [ynaq] (n) n Coco drops a wand called 152 jewel. You have a little trouble lifting C - a scroll labeled HACKEM MUCHE. Coco picks up a jet stone. What do you want to call? [giknwyC or ?*] C Call a scroll labeled HACKEM MUCHE: exrc hack What do you want to use or apply? [agiltwy or ?*] w You put a scroll called exrc hack into the sack. Coco drops a jet stone. There is an open door here. You see here a tin. You have a little trouble lifting E - a tin. You lash the rothe. The rothe hits! The rothe bites! The rothe bites! You miss the rothe. The rothe hits! The rothe bites! The rothe bites! You miss the rothe. The rothe hits! The rothe bites! The rothe bites! You die... Do you want your possessions identified? [ynq] (y) y Do you want to see your attributes? [ynq] (y) y Do you want an account of creatures vanquished? [ynaq] (y) y Do you want to see your conduct and achievements? [ynq] (y) y Do you want to see the dungeon overview? [ynq] (y) y Major events: Turn 1: elenmirie the neutral female gnomish Archeologist entered the dungeon 936: entered the Gnomish Mines 1059: attained the rank of Field Worker (level 3) 1968: killed by a rothe Inventory: Weapons z - 49 uncursed +0 darts (at the ready) o - 11 uncursed +0 shuriken a - an uncursed +2 bullwhip (weapon in hand) Armor c - an uncursed +0 fedora (being worn) k - a cursed -1 pair of jumping boots (being worn) s - a cursed -1 studded leather armor (being worn) Comestibles d - an uncursed food ration q - 3 uncursed food rations E - an uncursed tin of spinach Rings n - an uncursed ring of fire resistance Tools w - an uncursed sack containing 14 items y - a cursed magic lamp l - an uncursed magic marker (0:68) i - an uncursed oil lamp t - an uncursed tinning kit (0:57) Gems/Stones g - an uncursed touchstone Contents of the sack: 652 gold pieces a blessed scroll of enchant armor a cursed scroll of gold detection 2 uncursed scrolls of identify a cursed scroll of light an uncursed scroll of punishment an uncursed scroll of remove curse an uncursed scroll of taming a blessed potion of enlightenment a cursed potion of invisibility an uncursed potion of oil a cursed potion of speed a potion of unholy water an uncursed +0 pick-axe Elenmirie the Archeologist's attributes: Background: You were a Field Worker, a level 4 female gnomish Archeologist. You were neutral, nominally on a mission for Camaxtli who was opposed by Quetzalcoatl (lawful) and Huhetotl (chaotic). You were in the Dungeons of Doom, on level 5. You entered the dungeon 1968 turns ago. You had 116 experience points, 44 more were needed to attain level 5. Basics: You had 0 out of 27 hit points. You had all 18 energy points (spell power). Your armor class was 8. Your wallet was empty. Autopickup was on for '$' plus thrown. Final Characteristics: Your strength was 12 (limit:18/50). Your dexterity was 11 (limit:18). Your constitution was 12 (limit:18). Your intelligence was 17 (limit:19). Your wisdom was 17 (limit:18). Your charisma was 9 (limit:18). Final Status: You were not hungry. You were burdened; movement was slightly slowed. You were wielding a whip. You had basic skill with whip. Final Attributes: You were devoutly aligned. You were telepathic. You had infravision. You were stealthy. You could jump. You were warded. You were fast. You are dead. Miscellaneous: You never encountered a bones level. Total elapsed playing time was 44 minutes and 59 seconds. Vanquished creatures: a little dog 2 floating eyes a homunculus 2 orc zombies 3 iguanas a large kobold a hobgoblin 2 cave spiders 2 yellow molds 2 garter snakes a gecko 4 jackals a fox a kobold 2 goblins 2 sewer rats 3 grid bugs 2 bats a lichen 2 kobold zombies 5 newts 41 creatures vanquished. No species were genocided or became extinct. Voluntary challenges: You were an atheist. You read items or engraved 1 time. You never engraved Elbereth. You never genocided any monsters. You never polymorphed an object. You never changed form. You used no wishes. Achievements: You entered the Gnomish Mines. You attained the rank of Field Worker. You entered a shop. The Dungeons of Doom: levels 1 to 5 Level 1: A fountain, a sink. Level 2: A fountain, a grave. Stairs down to The Gnomish Mines. Level 3: A fountain. Level 4: Level 5: "expensive water in shop" <- You were here. A general store, a fountain. Final resting place for you, killed by a rothe. The Gnomish Mines: Level 3: Game over: ---------- / \ / REST \ / IN \ / PEACE \ / \ | elenmirie | | 652 Au | | killed by a | | rothe | | | | | | 2022 | *| * * * | * _________)/\\_//(\/(/\)/\//\/|_)_______ Goodbye elenmirie the Archeologist... You died in The Dungeons of Doom on dungeon level 5 with 1251 points, and 652 pieces of gold, after 1968 moves. You were level 4 with a maximum of 27 hit points when you died.